 Dungeon Crawl Stone Soup version 0.29.0-7-g18a832c13a (webtiles) character file.

Game seed: 2778742246541597083

5386 Plorgh the Tainter (level 10, -7/72 HPs)
             Began as an Octopode Venom Mage on Sept 1, 2022.
             Was a Believer of Fedhas.
             Killed from afar by an acid dragon (14 damage)
             ... with a splash of acid
             ... on level 8 of the Dungeon.
             The game lasted 00:25:13 (8134 turns).

Plorgh the Tainter (Octopode Venom Mage)            Turns: 8134, Time: 00:25:14

Health: -7/72      AC:  1    Str: 12    XL:     10   Next: 66%
Magic:  14/17      EV: 20    Int: 21    God:    Fedhas [**....]
Gold:   460        SH:  0    Dex: 12    Spells: 9/19 levels left

rFire   + . .      SeeInvis .   p - +6 dagger of the Usurping Gods {freeze, rElec rF+ Str-3}
rCold   . . .      Faith    .   (no shield)
rNeg    . . .      Spirit   .   (helmet restricted)
rPois   +          Reflect  .   (no amulet)
rElec   +          Harm     .   i - ring of poison resistance
rCorr   .          Rampage  .   n - +6 ring of strength
Will    .....                   o - +4 ring of protection
Stlth   ++++......              v - +4 ring of evasion
HPRegen 1.02/turn               (no ring)
MPRegen 0.15/turn               (no ring)
                                (no ring)
                                (no ring)

@: corroded, unable to drink
A: almost no armour, amphibious, 8 rings, camouflage 1, gelatinous body 1,
(nimble swimmer 1), tentacles, regeneration 1, inability to drink after injury 1
a: Renounce Religion, Wall of Briars


You were on level 8 of the Dungeon.
You worshipped Fedhas.
Fedhas was pleased with you.
You visited 2 branches of the dungeon, and saw 10 of its levels.

You collected 460 gold pieces.

Inventory:

Hand Weapons
 e - a +1 trident
 p - the +6 dagger of the Usurping Gods (weapon) {freeze, rElec rF+ Str-3}
   (You found it on level 3 of the Dungeon)

   It freezes those it strikes, dealing additional cold damage.
   It can also slow down cold-blooded creatures.
   Str:       It affects your strength (-3).
   rF:        It protects you from fire.
   rElec:     It insulates you from electricity.
 D - a +0 broad axe of flaming
 I - the +8 trident of the Octopus King {venom, rElec rPois}
   (You found it on level 9 of the Dungeon)

   It poisons the flesh of those it strikes.
   rElec:     It insulates you from electricity.
   rPois:     It protects you from poison.
Missiles
 E - a throwing net
Magical Staves
 m - a staff of poison
Jewellery
 i - a ring of poison resistance (left tentacle)
 n - a +6 ring of strength (right tentacle)
 o - a +4 ring of protection (on tentacle)
 v - a +4 ring of evasion (on tentacle)
Wands
 g - a wand of polymorph (3)
 h - a wand of iceblast (7)
 w - a wand of digging (4)
 F - a wand of flame (21)
Scrolls
 d - 2 scrolls of enchant weapon
 k - 5 scrolls of vulnerability
 l - 2 scrolls of fog
 u - 4 scrolls of identify
 x - 5 scrolls of fear
 y - 2 scrolls of noise {unknown}
 A - 3 scrolls of enchant armour {unknown}
 B - 2 scrolls of poison {unknown}
 C - a scroll of torment {unknown}
 G - a scroll of immolation {unknown}
 H - 3 scrolls of teleportation {unknown}
Potions
 a - 2 potions of magic
 b - 2 potions of heal wounds {unknown}
 c - 2 potions of resistance
 f - 2 potions of invisibility
 j - a potion of mutation
 q - 2 potions of might {unknown}
 r - 2 potions of attraction {unknown}
 s - a potion of cancellation
 t - 11 potions of curing {unknown}
 z - a potion of lignification {unknown}
 J - a potion of haste {unknown}


   Skills:
 - Level 8.0 Fighting
 - Level 8.0 Dodging
 + Level 6.7 Stealth
 - Level 5.0 Spellcasting
 - Level 1.0 Transmutations
 - Level 10.0 Poison Magic
 - Level 4.0 Invocations


You had 9 spell levels left.
You knew the following spells:

 Your Spells              Type           Power      Damage    Failure   Level
a - Sting                 Tmut/Pois      100%       1d8       1%          1
b - Poisonous Vapours     Pois/Air       52%        N/A       1%          2
c - Mephitic Cloud        Conj/Pois/Air  19%        N/A       9%          3
d - Olgreb's Toxic Radia  Pois           47%        N/A       1%          4

Your spell library contained the following spells:

 Spells                   Type           Power      Damage    Failure   Level
 Inner Flame              Hex/Fire       5%         N/A       32%         3
 Ozocubu's Armour         Ice            5%         N/A       32%         3
 Cause Fear               Hex            2%         N/A       71%         4
 Ozocubu's Refrigeration  Ice            2%         4d8       100%        7
 Discord                  Hex            2%         N/A       100%        8


Dungeon Overview and Level Annotations

Branches:
Dungeon (9/15)             Temple (1/1) D:6
   Lair: D:8-11         Orc: D:9-12

Altars:
Ashenzari
Cheibriados
Dithmenos
Elyvilon
Fedhas
Gozag
Hepliaklqana
Kikubaaqudgha
Makhleb
Nemelex Xobeh
Okawaru
Qazlal
Ru
Sif Muna
Trog
Uskayaw
Vehumet
Wu Jian
Xom
Yredelemnul
Zin
The Shining One

Shops:
D:6 =   D:7 ([?*   D:8 (


Innate Abilities, Weirdness & Mutations

You cannot wear most types of armour.
You are amphibious.
You can wear up to eight rings at the same time.
Your skin changes colour to match your surroundings (Stealth+).
Your rubbery body absorbs attacks. (AC +1, EV +1)
((You are camouflaged when in or above water. (Stealth+)))
You have tentacles for arms and can constrict up to eight enemies at once.
Your natural rate of healing is unusually fast.
You occasionally lose the ability to drink potions when taking damage.


Message History

A manticore comes into view.
You barely miss the acid dragon. Your squeeze misses the acid dragon.
The shadow slips into darkness.
The shadow flickers and vanishes!
Deactivating autopickup; reactivate with Ctrl-A.
The acid dragon misses you. x2
Unknown command.
The manticore flicks its tail.
The volley of spikes hits you!
The barbed spikes become lodged in your body.
There is a stone staircase leading up, spattered with blood here.
The barbs in your skin will harm you if you move.
Continue?
Okay, then.
There are monsters nearby!
The barbs in your skin will harm you if you move.
Continue?
Okay, then.
The barbs in your skin will harm you if you move.
Continue?
The acid dragon bites you! The acid dragon completely misses you.
The barbed spikes dig painfully into your body as you move.
You climb upwards.
Reactivating autopickup.
There is a stone staircase leading down here.
Unknown command.
Okay, then.
A briar patch grows up from the ground. x7
The acid dragon spits acid at you. The splash of acid hits you!!
* * * LOW HITPOINT WARNING * * *
Unknown command.
You wriggle carefully through the plants.
The acid dragon attacks as you move away!
The acid dragon closely misses you. The acid dragon misses you.
The barbed spikes dig painfully into your body as you move.
* * * LOW HITPOINT WARNING * * *
The barbed spikes snap loose.
The acid dragon spits acid at you. The splash of acid hits you!
You feel threatened and lose the ability to drink potions!
You die...
Fedhas appreciates your contribution to the ecosystem.

#.# ##.# ###### #..# #..... #.##
######.##.. #(# ##.......... #.#
####..####..#>. ##.#
########....###...#### #..#
#........######.###### #.##
#...P@P.#))[....##.... ##.#
#...P>P.#.########.∩.. #..#
#...PDP.#)# #.... #.##
####.####.# #.... #####.# #...#
#.# #.... ##.....# #[### #.#
#.###
......#######.######.########.##.
....................)........)...
......#######.######.#######..###


You could see an acid dragon (catching breath, ally target).

Vanquished Creatures
  A two-headed ogre (D:9)
  Pikel (D:8)
  Maggie (D:8)
  Sigmund (D:4)
  3 steam dragons (D:8)
  3 water moccasins
  2 sky beasts (D:7)
  3 orc warriors
  2 ogres
  3 centaurs
  A phantom (D:5)
  2 gnoll sergeants
  A kobold brigand (D:7)
  2 necrophages
  2 bullfrogs (D:6)
  4 wights (D:9)
  8 scorpions
  6 killer bees (D:9)
  A howler monkey (D:5)
  2 hounds
  7 orc priests
  A jelly (D:5)
  A gnoll bouda (D:6)
  7 orc wizards
  8 gnolls
  8 adders
  2 shadow imps (D:8)
  A white imp (D:5)
  An ufetubus (D:4)
  4 worms
  3 dart slugs
  33 orcs
  4 bats
  10 endoplasms
  7 giant cockroaches
  7 goblins
  5 hobgoblins
  8 jackals
  9 kobolds
  4 quokkas
  9 ball pythons
  A frilled lizard (D:2)
  7 rats
196 creatures vanquished.

Notes
Turn   | Place    | Note
-------+----------+-------------------------------------------
     0 | D:1      | Plorgh the Octopode Venom Mage began the quest for the Orb.
     0 | D:1      | Reached XP level 1. HP: 11/11 MP: 3/3
   159 | D:1      | Reached skill level 4 in Poison Magic
   164 | D:1      | Reached XP level 2. HP: 17/17 MP: 5/5
   808 | D:1      | Reached skill level 5 in Poison Magic
   808 | D:1      | Reached XP level 3. HP: 11/21 MP: 6/6
   812 | D:1      | Gained mutation: You occasionally lose the ability to drink
                  | potions when taking damage. [potion of mutation]
   812 | D:1      | Gained mutation: Your natural rate of healing is unusually
                  | fast. [potion of mutation]
  1085 | D:1      | Reached skill level 1 in Fighting
  1218 | D:1      | You fall into a shaft and drop 1 floor!
  1229 | D:2      | Learned a level 2 spell: Poisonous Vapours
  1233 | D:2      | Learned a level 3 spell: Mephitic Cloud
  1259 | D:2      | Reached XP level 4. HP: 10/30 MP: 0/7
  1812 | D:2      | Reached XP level 5. HP: 17/36 MP: 6/8
  2270 | D:3      | Identified the +6 dagger of the Usurping Gods {freeze,
                  | rElec rF+ Str-3}
  3002 | D:4      | Reached XP level 6. HP: 43/43 MP: 0/9
  3248 | D:4      | Reached skill level 6 in Poison Magic
  3513 | D:4      | Noticed Sigmund
  3616 | D:4      | Killed Sigmund
  3617 | D:4      | Reached skill level 7 in Poison Magic
  3617 | D:4      | Reached XP level 7. HP: 48/48 MP: 3/10
  3943 | D:5      | Entered Level 5 of the Dungeon
  4031 | D:5      | Reached skill level 8 in Poison Magic
  4113 | D:5      | Found an ornate altar of the Wu Jian Council.
  4600 | D:5      | Reached skill level 5 in Stealth
  4600 | D:5      | Reached XP level 8. HP: 54/54 MP: 14/14
  4727 | D:6      | Found a glowing silver altar of Zin.
  4727 | D:6      | Found a faded altar of an unknown god.
  4735 | D:6      | Found an opulent altar of Gozag.
  4737 | D:6      | Found a white marble altar of Elyvilon.
  4739 | D:6      | Found a faded altar of an unknown god.
  4833 | D:6      | Found Anyu's Jewellery Shop.
  5030 | D:6      | Reached skill level 5 in Spellcasting
  5072 | D:6      | Reached skill level 5 in Fighting
  5315 | D:6      | Learned a level 4 spell: Olgreb's Toxic Radiance
  5332 | D:6      | Found a staircase to the Ecumenical Temple.
  5348 | Temple   | Entered the Ecumenical Temple
  5475 | Temple   | Became a worshipper of Fedhas Madash
  5804 | D:6      | Reached XP level 9. HP: 54/62 MP: 9/16
  5899 | D:6      | Reached skill level 5 in Dodging
  6152 | D:7      | Reached skill level 1 in Invocations
  6300 | D:7      | Reached * piety under Fedhas
  6438 | D:7      | Found Bong's Armour Boutique.
  6543 | D:7      | Found Odidaut's Magic Scroll Shop.
  6719 | D:7      | Found Upac's Assorted Antiques.
  6837 | D:7      | Found Omihaxew's Weapon Boutique.
  6853 | D:7      | Found a hazy altar of Hepliaklqana.
  6880 | D:7      | Reached skill level 9 in Poison Magic
  6972 | D:8      | Found Erilamis's Weapon Shop.
  6980 | D:8      | Noticed Maggie
  7011 | D:8      | Killed Maggie
  7012 | D:8      | Reached skill level 10 in Poison Magic
  7215 | D:8      | Reached XP level 10. HP: 50/69 MP: 8/17
  7217 | D:8      | Noticed Pikel
  7233 | D:8      | Killed Pikel
  7355 | D:8      | Reached ** piety under Fedhas
  7649 | D:9      | Found the +8 trident of the Octopus King {venom, rElec
                  | rPois}
  7861 | D:9      | Noticed a two-headed ogre
  7892 | D:9      | Killed a two-headed ogre
  8126 | D:9      | Noticed a manticore
  8134 | D:8      | Killed from afar by an acid dragon

Illustrated notes

Levels and vault maps discovered:
D:1:      dpeg_arrival_brainrot, layout_basic, minmay_pentomino_p4
D:2:      layout_rooms
D:3:      layout_loops_ring
D:4:      layout_loops_ring, uniq_sigmund
D:5:      layout_basic, nicolae_wu_jian_wuxing_cycle, columned_hall_lemuel,
          kennysheep_generic_room_16
D:6:      layout_basic, chequers_temple_overflow_minitemple, temple_statues,
          serial_shops, nicolae_diamond_shop, minmay_misc_feat_enclosed,
          dk_vineyard_2, minmay_pentangle
D:7:      layout_gridville, nzn_hepliaklqana_mist_gate, serial_shops,
          nicolae_shop_waterfront, shop, nicolae_shop_statue_plus, shop
D:8:      layout_rooms, serial_shops, shop, uniq_pikel, uniq_maggie
D:9:      layout_big_octagon, hangedman_minor_gate_pass
Temple:   minmay_temple_bridge_d

Skill      XL: |  1  2  3  4  5  6  7  8  9 10 |
---------------+-------------------------------+-----
Poison Magic   | 4 5 7 8 10 | 10.0
Fighting       | 2 3 4 6 8 |  8.0
Stealth        | 4 5 6 |  6.7
Spellcasting   | 4 5 |  5.0
Dodging        | 3 6 8 |  8.0
Invocations    | 4 |  4.0
Transmutations | |  1.0

Action                   |  1- 3 |  4- 6 |  7- 9 | 10-12 || total
-------------------------+-------+-------+-------+-------++-------
Melee: Whip              |    16 |       |       |       ||    16
       Constrict         |    18 |    21 |    28 |    12 ||    79
       Tentacles         |    13 |    18 |    37 |    17 ||    85
       Trident           |    53 |    84 |       |       ||   137
       Punch             |     1 |     1 |     1 |     1 ||     4
       Dagger            |       |    27 |   159 |    74 ||   260
 Cast: Sting             |    11 |     5 |    10 |       ||    26
       Poisonous Vapours |     2 |    18 |    27 |    10 ||    57
       Olgreb's Toxic Ra |       |       |    11 |     7 ||    18
Invok: Wall of Briars    |       |       |       |     1 ||     1
  Use: Potion            |     2 |       |       |       ||     2
       Scroll            |       |     2 |     6 |       ||     8
 Stab: Sleeping          |    10 |    14 |     7 |       ||    31
       Distracted        |     1 |       |     1 |       ||     2
Armor: Skin              |     7 |     4 |    29 |    18 ||    58
Dodge: Dodged            |    62 |    68 |   108 |    76 ||   314
